 Dungeon Crawl Stone Soup version 0.25.0-37-gb73750e0fb (webtiles) character file.

Game seed: 9390320743288172504

51 ANON1729 the Caller (level 3, -2/21 HPs)
             Began as a Mummy Summoner on July 8, 2020.
             Was an Initiate of Hepliaklqana.
             Slain by an orc
             ... wielding a +0 hand axe of electrocution
              (8 damage)
             ... on level 2 of the Dungeon.
             The game lasted 00:05:18 (3748 turns).

ANON1729 the Caller (Mummy Summoner)                Turns: 3748, Time: 00:05:19

Health: -2/21      AC:  2    Str: 11    XL:     3   Next: 58%
Magic:  7/8        EV: 12    Int: 15    God:    Hepliaklqana [......]
Gold:   86         SH:  0    Dex: 12    Spells: 3/9 levels left

rFire    x . .     SeeInvis .   g - +0 spear
rCold    + . .     Gourm    .   (no shield)
rNeg     + + +     Faith    .   a - +0 robe
rPois    ∞         Spirit   .   (no helmet)
rElec    .         Reflect  .   (no cloak)
rCorr    .         Harm     .   (no gloves)
MR       .....                  (no boots)
Stlth    ++........             (no amulet)
HPRegen  0.07/turn              (no ring)
MPRegen  0.11/turn              (no ring)

@: no status effects
A: no food or potions, fire vulnerability, reduced essence, cold resistance 1,
negative energy resistance 3, torment resistance, unbreathing
a: Recall Ancestor, Ancestor Identity, Renounce Religion


You were on level 2 of the Dungeon.
You worshipped Hepliaklqana.
Hepliaklqana was noncommittal.
You were not hungry.

You visited 1 branch of the dungeon, and saw 3 of its levels.

You collected 86 gold pieces.

Inventory:

Hand Weapons
 f - a +0 short sword
 g - a +0 spear (weapon)
Armour
 a - a +0 robe (worn)
Scrolls
 b - 2 scrolls of fog {unknown}
 c - 2 scrolls of teleportation {unknown}
 d - a scroll of identify {unknown}
 e - 3 scrolls of remove curse {unknown}


   Skills:
 - Level 0.1 Fighting
 + Level 0.0 Polearms
 + Level 1.7 Dodging
 + Level 2.0 Stealth
 - Level 0.4 Unarmed Combat
 + Level 3.5 Spellcasting
 + Level 3.7 Summonings


You had 3 spell levels left.
You knew the following spells:

 Your Spells              Type           Power        Failure   Level  Hunger
a - Summon Small Mammal   Summ           ##..         4%          1    N/A
b - Call Imp              Summ           ##......     6%          2    N/A
c - Call Canine Familiar  Summ           ##......     12%         3    N/A

Your spell library contained the following spells:

 Spells                   Type           Power        Failure   Level  Hunger
 Summon Guardian Golem    Hex/Summ       #.......     26%         3    N/A
 Summon Ice Beast         Ice/Summ       #.......     65%         4    N/A
 Summon Lightning Spire   Summ/Air       #.......     65%         4    N/A

Dungeon Overview and Level Annotations

Branches:
Dungeon (3/15)

Altars:
Hepliaklqana
Trog


Innate Abilities, Weirdness & Mutations

You do not eat or drink.
Your flesh is vulnerable to fire.
You are immune to poison.
Your flesh is cold resistant. (rC+)
You are immune to negative energy. (rN+++)
You are immune to unholy pain and torment.
You can survive without breathing.
Your life essence is reduced to manifest your ancestor. (-10% HP)


Message History

You hit the orc.
The orc is lightly wounded.
Loyalsummun hits the orc.
The orc hits you.
Your rat misses the orc. You hit the orc.
You kill the orc!
You swap places.
You swap places.
There is a stone staircase leading down here.
You climb downwards.
Your summoned ally is left behind.
The orc hits you with a +0 flail!
There is a stone staircase leading up here.
The orc hits you with a +0 hand axe of electrocution.
* * * LOW HITPOINT WARNING * * *
The orc closely misses you.
You climb upwards.
Your rat disappears in a puff of smoke!
There is a stone staircase leading down here.
You open the door.
Loyalsummun hits the orc.
The orc hits you with a +0 hand axe of electrocution!
You die...

#....# #.##.# ####.##.# #....##.#
#.##+##.#
#.......#################
#........................ #####
#......#.o.....########## ....#
##.##...'@R.....+...<....#
.#######...#...#.o.....###...##.#
!##......_........#....(##...#..#
.[.....#...####.....###.#......R#
.###...##.## ##.#.)# #.#.(#<....
.# #......# #.....# #.#..).....
.# #......# #...#.###.#†....[..
.# #......#####.........#........
.# #####..........#..##.#.######.


You could see the friendly Loyalsummun the ancestor and 2 orcs.

Vanquished Creatures
  An orc (D:2)
  A giant cockroach (D:1)
  A goblin (D:1)
  2 hobgoblins (D:1)
  4 kobolds
  5 bats
  A frilled lizard (D:2)
  2 rats
17 creatures vanquished.

Vanquished Creatures (collateral kills)
  An adder (D:2)
  An ooze (D:1)
  2 worms (D:2)
  A dart slug (D:1)
  2 leopard geckos
  4 bats
  2 giant cockroaches (D:1)
  2 goblins
  5 hobgoblins
  A kobold (D:1)
  2 ball pythons (D:1)
  A frilled lizard (D:1)
24 creatures vanquished.

Grand Total: 41 creatures vanquished

Notes
Turn   | Place    | Note
-------+----------+-------------------------------------------
     0 | D:1      | ANON1729 the Mummy Summoner began the quest for the Orb.
     0 | D:1      | Reached XP level 1. HP: 13/13 MP: 4/4
   641 | D:1      | Reached XP level 2. HP: 12/19 MP: 5/5
  2739 | D:2      | Reached XP level 3. HP: 9/24 MP: 1/7
  2924 | D:2      | Learned a level 2 spell: Call Imp
  2928 | D:2      | Learned a level 3 spell: Call Canine Familiar
  3047 | D:2      | Found a hazy altar of Hepliaklqana.
  3067 | D:2      | Became a worshipper of Hepliaklqana the Forgotten
  3221 | D:2      | Found a bloodstained altar of Trog.
  3748 | D:2      | Slain by an orc

Illustrated notes

Levels and vault maps discovered:
D:1:      noname_arrival_rooms_in_the_neighbourhood, layout_basic,
          minmay_split_cup_small
D:2:      layout_basic, nicolae_overflow_crystal_walls, marbit_many_paths
D:3:      layout_loops_corners

Skill      XL: |  1  2  3 |
---------------+----------+-----
Spellcasting   | 3 |  3.5
Stealth        | 2 |  2.0
Fighting       | |  0.1
Dodging        | |  1.7
Unarmed Combat | |  0.4
Summonings     | |  3.7

Action                   || total
-------------------------++-------
Melee: Unarmed           ||   111
       Short sword       ||     8
       Spear             ||     2
 Cast: Summon Small Mamm ||    53
       Call Imp          ||     4
Invok: Ancestor Identity ||     1
 Stab: Sleeping          ||     2
       Distracted        ||     1
Armor: Robe              ||    51
Dodge: Dodged            ||   118
